 Dungeon Crawl Stone Soup version 0.25-a0-578-gc91f01c (webtiles) character file.

Game seed: 9492933960053895295, levelgen mode: deterministic

18 15 the Firebug (level 2, 16/16 HPs)
             Began as a Gargoyle Fire Elementalist on Mar 3, 2020.
             Quit the game on level 1 of the Dungeon.
             The game lasted 00:03:08 (604 turns).

15 the Firebug (Gargoyle Fire Elementalist)          Turns: 604, Time: 00:03:09

Health: 16/16      AC:  4    Str: 11    XL:     2   Next: 70%
Magic:  5/5        EV: 12    Int: 15    God:
Gold:   0          SH:  0    Dex: 10    Spells: 4/5 levels left

rFire    . . .     SeeInvis .   h - +0 club
rCold    . . .     Gourm    .   (no shield)
rNeg     + . .     Faith    .   a - +0 robe
rPois    ∞         Spirit   .   (no helmet)
rElec    +         Reflect  .   (no cloak)
rCorr    .         Harm     .   (no gloves)
MR       .....                  (no boots)
Stlth    ++........             (no amulet)
HPRegen  0.05/turn              (no ring)
MPRegen  0.09/turn              (no ring)

@: no status effects
A: negative energy resistance 1, electricity resistance, unbreathing,
petrification resistance, rot immunity, AC +2
a: no special abilities


You were on level 1 of the Dungeon.
You were not hungry.

You visited 1 branch of the dungeon, and saw 1 of its levels.

Inventory:

Hand Weapons
 h - a +0 club (weapon)
Armour
 a - a +0 robe (worn)
Scrolls
 g - a scroll of immolation {unknown}
Potions
 b - 2 potions of might {unknown}
 e - a potion of lignification {unknown}
 f - a potion of curing {unknown}
 i - a potion of flight {unknown}
Comestibles
 c - 2 rations
 d - 2 chunks of flesh


   Skills:
 * Level 0.8 Fighting
 * Level 0.5 Armour
 + Level 1.7 Dodging
 + Level 2.3 Stealth
 * Level 2.1 Spellcasting
 * Level 1.6 Conjurations
 * Level 3.1 Fire Magic


You had 4 spell levels left.
You knew the following spells:

 Your Spells              Type           Power        Failure   Level  Hunger
a - Foxfire               Conj/Fire      #...         9%          1    #......

Your spell library contained the following spells:

 Spells                   Type           Power        Failure   Level  Hunger
 Conjure Flame            Conj/Fire      #.......     24%         3    ###....
 Inner Flame              Hex/Fire       #.......     34%         3    ###....
 Sticky Flame             Conj/Fire      #.......     63%         4    #####..
 Fireball                 Conj/Fire      #.........   92%         5    ######.


Dungeon Overview and Level Annotations

Branches:
Dungeon (1/15)

Altars:


Innate Abilities, Weirdness & Mutations

You are resistant to torment.
Your stone body is resilient. (AC +2)
You are immune to poison.
You resist negative energy. (rN+)
You are resistant to electric shocks. (rElec)
You can survive without breathing.
You are immune to petrification.
You are immune to rotting.


Message History

Your foxfire dissipates!
The foxfire hits the kobold.
The kobold is severely wounded.
Casting: Foxfire (safe; 9% risk of failure)
Confirm with . or Enter, or press ? or * to list all spells.
You conjure some foxfire!
Your foxfire dissipates!
The foxfire hits the kobold.
You kill the kobold!
Things that are here:
a +0 dagger; a kobold corpse The kobold corpse isn't edible.
A rat comes into view.
Casting: Foxfire (safe; 9% risk of failure)
Confirm with . or Enter, or press ? or * to list all spells.
You don't know that spell.
Unknown command.
Things that are here:
a +0 dagger; a kobold corpse Are you sure you want to abandon this character and quit the game? (Confirm with "yes".)

*,,,,****,*,*>* #.# #.#
**,***,,,,*,*,#####.########.###
***,,,***,,,,*,#................#
,,,,,**,,,**,*,#.###.############
***,,,**,,,,,*,#.# #........,,,,,
*,*,,,,***,*,#.# #########****,
*,*,,,,,,,,,,#.# *,
*,********,**#.# *, *,* *,* #@#
*, *,* *,* #.# *, ***,* *,* #.#
*, ,,,,* *,* #.# *,
************,* #.# *,
,,,,,,,,,,,,,* #.# *,
************** #.#############**,
#.............r,,,
###############***


There were no monsters in sight!

Vanquished Creatures
  3 giant cockroaches (D:1)
  3 goblins (D:1)
  A hobgoblin (D:1)
  3 jackals (D:1)
  2 kobolds (D:1)
  A ball python (D:1)
  A bat (D:1)
  2 rats (D:1)
16 creatures vanquished.

Vanquished Creatures (others)
  32 foxfires (D:1)
32 creatures vanquished.

Grand Total: 48 creatures vanquished

Notes
Turn   | Place    | Note
-------+----------+-------------------------------------------
     0 | D:1      | 15 the Gargoyle Fire Elementalist began the quest for the
                  | Orb.
     0 | D:1      | Reached XP level 1. HP: 10/10 MP: 3/3
   209 | D:1      | Reached XP level 2. HP: 16/16 MP: 0/5
   604 | D:1      | Quit the game

Levels and vault maps discovered:
D:1:      lightli_arrival_chessboard, layout_basic, minmay_misc_feat_doors,
          minmay_worlds_worst_comb

Action                   || total
-------------------------++-------
Melee: Unarmed           ||    18
       Club              ||     2
 Cast: Foxfire           ||    30
  Use: Scroll            ||     2
 Stab: Sleeping          ||     1
Armor: Robe              ||    20
Dodge: Dodged            ||    27

Table legend:
 A = Non-vault XP
 B = Vault XP
 C = Vault XP percentage of total XP
 D = Non-vault monster count
 E = Vault monster count
 F = Vault count percentage of total count
                 A         B        C        D         E       F
            +---------+---------+-------+---------+---------+-------
      Total |      27 |       0 |   0.0 |      16 |       0 |   0.0
            +---------+---------+-------+---------+---------+-------
        D:1 |      27 |       0 |   0.0 |      16 |       0 |   0.0
            +---------+---------+-------+---------+---------+-------
